 Dungeon Crawl Stone Soup version 0.29.0-4-gdea44cf6ec (webtiles) character file.

Game seed: 13295890007615022148

28072 qw the Severer (level 13, -8/118 HPs)
             Began as a Minotaur Berserker on Sept 10, 2022.
             Was a Priest of Trog.
             Mangled by a seven-headed hydra (11 damage)
             ... on level 5 of the Lair of Beasts.
             The game lasted 00:05:43 (16626 turns).

qw the Severer (Minotaur Berserker)                Turns: 16626, Time: 00:05:43

Health: -8/118     AC: 21    Str: 26    XL:     13   Next: 7%
Magic:  12/12      EV:  9    Int:  4    God:    Trog [***...]
Gold:   1065       SH: 18    Dex: 15    Spells: 12/12 levels left

rFire   . . .      SeeInvis +   Y - +0 war axe (venom)
rCold   . . .      Faith    .   f - +0 kite shield
rNeg    + . .      Spirit   .   g - +0 plate armour
rPois   +          Reflect  +   n - +2 hat "Lemum" {Rampage}
rElec   .          Harm     .   w - +1 cloak
rCorr   .          Rampage  +   v - +0 pair of gloves
Will    .....                   (no boots)
Stlth   ..........              m - amulet "Seokuh" {Reflect rN+ Dex+4 SH+5}
HPRegen 0.29/turn               r - ring of poison resistance
MPRegen 0.13/turn               o - ring of see invisible

@: about to teleport, on berserk cooldown, slowed, very slow
A: horns 2, retaliatory headbutt
a: Renounce Religion, Berserk, Trog's Hand


You were on level 5 of the Lair of Beasts.
You worshipped Trog.
Trog was most pleased with you.
You visited 2 branches of the dungeon, and saw 16 of its levels.
You also visited: Ossuary.

You collected 1155 gold pieces.
You spent 90 gold pieces at shops.


Innate Abilities, Weirdness & Mutations

You have a pair of horns on your head.
You reflexively headbutt those who attack you in melee.


   Skills:
 + Level 12.1 Fighting
 - Level 16.0 Axes
 - Level 2.6 Throwing
 - Level 11.0 Armour
 - Level 6.3 Dodging
 - Level 13.0 Shields


You had 12 spell levels left.
You didn't know any spells.
Your spell library was empty.

Inventory:

Hand Weapons
 u - a +0 morningstar
 Y - a +0 war axe of venom (weapon)
Missiles
 i - 4 boomerangs (quivered)
Armour
 f - a +0 kite shield (worn)
 g - a +0 plate armour (worn)
 n - the +2 hat "Lemum" (worn) {Rampage}
   (You acquired it in an ossuary)

   Rampage:   It bestows one free step when moving towards enemies.
 v - a +0 pair of gloves (worn)
 w - a +1 cloak (worn)
Jewellery
 d - a +6 ring of strength
 k - a ring of ice
 m - the amulet "Seokuh" (around neck) {Reflect rN+ Dex+4 SH+5}
   (You acquired it on level 6 of the Dungeon)

   [amulet of reflection]

   It reflects blocked missile attacks.
   Dex:       It affects your dexterity (+4).
   rN:        It protects you from negative energy.
   SH:        It affects your SH (+5).
 o - a ring of see invisible (right hand)
 q - a ring of fire
 r - a ring of poison resistance (left hand)
Scrolls
 a - 2 scrolls of identify
 e - 7 scrolls of teleportation
Potions
 b - a potion of mutation
 c - 3 potions of resistance
 h - a potion of haste
 j - 5 potions of curing
 l - 2 potions of heal wounds
 p - 3 potions of might
 s - a potion of cancellation

Dungeon Overview and Level Annotations

Branches:
Dungeon (11/15)            Temple (0/1) D:4            Lair (4/5) D:11
 Shoals (0/4) Lair:2        Snake (0/4) Lair:2          Orc (0/2) D:10
Ossuary (visited)
  Slime: Lair:4-5

Altars:
Cheibriados
Dithmenos
Gozag
Kikubaaqudgha
Makhleb
Okawaru
Sif Muna
Uskayaw
Zin
The Shining One

Annotations:
D:3 2 transporters
D:10 3 runed translucent doors, qw's ghost, novice MiBe
Lair:1 3 runed translucent doors, qw's ghost, journeyman DsCA


Message History

Trog accepts your kill.
The lindwurm bites you but does no damage.
The lindwurm barely misses you.
The lindwurm claws you but does no damage.
The seven-headed hydra bites you.
The seven-headed hydra bites you but does no damage. x5
The seven-headed hydra bites you!
Your Shields skill increases to level 13!
You are no longer berserk.
You feel yourself slow down. The lindwurm breathes flames at you.
The blast of flame hits you!!
The seven-headed hydra barely misses you.
The seven-headed hydra bites you. The seven-headed hydra bites you!
The seven-headed hydra bites you but does no damage.
The seven-headed hydra bites you.
The seven-headed hydra bites you but does no damage. x2
The lindwurm breathes flames at you. The blast of flame hits you.
The seven-headed hydra bites you but does no damage. x3
The seven-headed hydra bites you! The seven-headed hydra bites you.
The seven-headed hydra bites you but does no damage. x2
You turn to flesh and can move again.
16626 ||| READING 8 scrolls of teleportation.
As you read the scroll of teleportation, it crumbles to dust.
You feel strangely unstable.
The lindwurm bites you but does no damage.
You block the lindwurm's attack. The lindwurm barely misses you.
You block the seven-headed hydra's attack.
The seven-headed hydra bites you but does no damage. x2
The seven-headed hydra completely misses you.
The seven-headed hydra bites you.
You block the seven-headed hydra's attack.
The seven-headed hydra bites you but does no damage.
The lindwurm bites you but does no damage.
You block the lindwurm's attack. The lindwurm closely misses you.
The seven-headed hydra closely misses you.
The seven-headed hydra barely misses you.
The seven-headed hydra bites you. The seven-headed hydra bites you!
You die...

## ## #. #.
#P. #. #...#.
# #..#.### .##
#...HD.#...#
#....@k....#.
#.....%......#
##....#.....P#
###..#.###..#
####.. .. ...
P ...# ####


You could see a seven-headed hydra, a manticore (petrified) and a lindwurm
(poisoned).

Vanquished Creatures
  Erolcha (D:10)
  A catoblepas (Lair:5)
  Erica (D:8)
  3 two-headed ogres
  2 hydras (Lair:4)
  Nergalle (Lair:1)
  An oklob plant (Lair:3)
  A deep elf zephyrmancer (D:9)
  An ugly thing (D:11)
  A cyclops (D:11)
  A manticore (D:6)
  A merfolk siren (Lair:2)
  5 cane toads
  8 elephants
  2 black mambas
  2 komodo dragons (Lair:4)
  A rime drake (Lair:5)
  A troll (D:11)
  Prince Ribbit (D:6)
  A hornet (D:8)
  Grinder (D:4)
  2 blink frogs (Lair:2)
  2 shadows
  3 wraiths
  A vampire (D:9)
  16 yaks
  2 basilisks
  7 wyverns
  3 vampire mosquitoes (D:5)
  A steam dragon (D:6)
  3 nagas (Lair:2)
  8 water moccasins
  6 orc warriors
  2 ice beasts
  2 sky beasts (D:6)
  2 black bears
  An ogre (D:5)
  4 wolves (Lair:2)
  5 centaurs
  2 phantoms
  4 kobold brigands
  9 bullfrogs
  3 necrophages
  A scorpion (D:6)
  11 wights
  A jelly (D:6)
  3 killer bees (D:9)
  A howler monkey (D:8)
  2 centaur zombies (D:8)
  A human zombie (D:8)
  2 hounds
  8 orc priests
  4 iguanas
  12 orc wizards
  2 killer bee zombies (D:8)
  3 mummies (D:8)
  A howler monkey zombie (D:8)
  8 adders
  2 white imps (D:7)
  An ufetubus (D:5)
  3 worms
  A dart slug (D:2)
  45 orcs
  10 endoplasms
  4 giant cockroaches
  6 goblins
  9 hobgoblins
  2 jackals (D:1)
  5 quokkas
  11 ball pythons
  2 ball python skeletons (Ossuary)
  9 bats
  4 frilled lizards
  4 hobgoblin zombies (Ossuary)
  16 kobolds
  A kobold zombie (Ossuary)
  An orc skeleton (Ossuary)
  6 rats
327 creatures vanquished.

Vanquished Creatures (collateral kills)
  2 hydras
  A black mamba (Lair:2)
  2 komodo dragons (Lair:2)
  3 blink frogs (Lair:2)
  A wyvern (Lair:2)
  A naga (Lair:2)
10 creatures vanquished.

Vanquished Creatures (others)
  7 fungi
  20 plants
27 creatures vanquished.

Grand Total: 364 creatures vanquished

Notes
Turn   | Place    | Note
-------+----------+-------------------------------------------
     0 | D:1      | qw the Minotaur Berserker began the quest for the Orb.
     0 | D:1      | Reached XP level 1. HP: 19/19 MP: 0/0
     0 | D:1      | 0 ||| qw: Version: 0.1-a-116-g5d60599
     0 | D:1      | 0 ||| qw: Game counter: 7414
     0 | D:1      | 0 ||| qw: Always use a shield: true
     0 | D:1      | 0 ||| qw: Do Orc after D:15 true
     0 | D:1      | 0 ||| qw: Do second Lair branch before Depths: true
     0 | D:1      | 0 ||| qw: Lair rune preference: random
     0 | D:1      | 0 ||| qw: Plans: Normal
     0 | D:1      | 0 ||| PLANNING D:1-11
    56 | D:1      | Reached skill level 4 in Axes
    84 | D:1      | Found a faded altar of an unknown god.
   197 | D:1      | Reached XP level 2. HP: 26/26 MP: 1/1
   275 | D:1      | 275 ||| Stepping ~*~*~tactically~*~*~ (stealth).
   344 | D:1      | 344 ||| Stepping ~*~*~tactically~*~*~ (stealth).
   360 | D:1      | 360 ||| Stepping ~*~*~tactically~*~*~ (stealth).
   450 | D:1      | Reached ** piety under Trog
   537 | D:1      | Reached skill level 5 in Axes
   574 | D:1      | Reached XP level 3. HP: 27/31 MP: 2/2
   714 | D:1      | 714 ||| UPGRADING to +0 ring mail.
   724 | D:1      | 724 ||| DROPPING +0 animal skin.
   725 | D:1      | 725 ||| DROPPING scarf of harm.
   726 | D:1      | 726 ||| UPGRADING to ring of see invisible.
   727 | D:1      | 727 ||| READING 2 scrolls labelled OTROAXT APEBUY.
   728 | D:1      | 728 ||| READING scroll labelled LUNNOV LIYS.
   733 | D:1      | 733 ||| READING scroll labelled SOUHUSHR CUNWY.
   734 | D:1      | 734 ||| DRINKING 2 coppery potions.
   790 | D:2      | 790 ||| Stepping ~*~*~tactically~*~*~ (stealth).
   791 | D:2      | 791 ||| Stepping ~*~*~tactically~*~*~ (stealth).
   971 | D:2      | 971 ||| Stepping ~*~*~tactically~*~*~ (hiding).
  1097 | D:2      | 1097 ||| INVOKING Berserk.
  1657 | D:2      | 1657 ||| INVOKING Berserk.
  1890 | D:2      | Reached skill level 6 in Axes
  1890 | D:2      | Reached XP level 4. HP: 39/39 MP: 3/3
  1894 | D:2      | 1894 ||| UPGRADING to +0 plate armour.
  1904 | D:2      | 1904 ||| DROPPING +0 ring mail.
  1905 | D:2      | 1905 ||| UPGRADING to amulet of regeneration.
  1910 | D:2      | 1910 ||| READING scroll labelled ILUIMOZ TUKK.
  1911 | D:2      | 1911 ||| READING scroll labelled ONWAWO NATWARY.
  1912 | D:2      | 1912 ||| READING scroll labelled RICRELEULE.
  1913 | D:2      | 1913 ||| Stepping randomly (stuck).
  1914 | D:2      | 1914 ||| Stepping ~*~*~tactically~*~*~ (cloud).
  1983 | D:3      | 1983 ||| Stepping ~*~*~tactically~*~*~ (stealth).
  1984 | D:3      | 1984 ||| Stepping ~*~*~tactically~*~*~ (hiding).
  1992 | D:3      | 1992 ||| INVOKING Berserk.
  2103 | D:3      | 2103 ||| DROPPING +0 whip.
  2116 | D:3      | 2116 ||| Stepping ~*~*~tactically~*~*~ (stealth).
  2183 | D:3      | Noticed a toenail golem
  2194 | D:3      | Found a transporter.
  2194 | D:3      | Found a transporter.
  2197 | D:3      | 2197 ||| Stepping ~*~*~tactically~*~*~ (stealth).
  2214 | D:3      | Noticed a small abomination
  2226 | D:3      | 2226 ||| Stepping ~*~*~tactically~*~*~ (stealth).
  2245 | D:3      | 2245 ||| Stepping ~*~*~tactically~*~*~ (stealth).
  2405 | D:3      | Found a faded altar of an unknown god.
  2410 | D:3      | Found a snail-covered altar of Cheibriados.
  2510 | D:3      | 2510 ||| Stepping ~*~*~tactically~*~*~ (stealth).
  2513 | D:3      | 2513 ||| Stepping ~*~*~tactically~*~*~ (stealth).
  2523 | D:3      | 2523 ||| Stepping ~*~*~tactically~*~*~ (stealth).
  2524 | D:3      | 2524 ||| Stepping ~*~*~tactically~*~*~ (stealth).
  2540 | D:3      | Found a burning altar of Makhleb.
  2701 | D:3      | Reached skill level 1 in Throwing
  2728 | D:3      | 2728 ||| READING 2 scrolls of identify.
  2728 | D:3      | 2728 ||| IDENTIFYING murky amethyst potion
  2729 | D:3      | 2729 ||| DROPPING potion of invisibility.
  2773 | D:4      | Reached *** piety under Trog
  2774 | D:4      | Reached XP level 5. HP: 42/45 MP: 4/4
  2825 | D:4      | Noticed Grinder
  2825 | D:4      | Paralysed by Grinder for 2 turns
  2827 | D:4      | 2827 ||| INVOKING Trog's Hand.
  2831 | D:4      | 2831 ||| INVOKING Berserk.
  2839 | D:4      | Killed Grinder
  2840 | D:4      | Reached skill level 8 in Axes
  2840 | D:4      | Reached XP level 6. HP: 51/51 MP: 5/5
  3109 | D:4      | Found a shadowy altar of Dithmenos.
  3278 | D:4      | Found a staircase to the Ecumenical Temple.
  3508 | D:4      | 3508 ||| UPGRADING to +0 kite shield.
  3513 | D:4      | 3513 ||| READING scroll labelled GACSYSMITRE.
  3514 | D:4      | 3514 ||| READING scroll labelled LYN RIPHUROI.
  3515 | D:4      | 3515 ||| READING scroll labelled KAXKICV DOCOZ.
  3516 | D:4      | 3516 ||| READING scroll labelled IROSYU GOOCRECH.
  3652 | D:5      | Entered Level 5 of the Dungeon
  3792 | D:5      | Reached skill level 1 in Shields
  3804 | D:5      | 3804 ||| INVOKING Berserk.
  3982 | D:5      | Reached skill level 3 in Shields
  4014 | D:5      | 4014 ||| INVOKING Berserk.
  4020 | D:5      | Reached XP level 7. HP: 57/57 MP: 6/6
  4274 | D:5      | Noticed a vampire mosquito
  4274 | D:5      | Noticed a vampire mosquito
  4274 | D:5      | Noticed a vampire mosquito
  4283 | D:5      | 4283 ||| INVOKING Berserk.
  4286 | D:5      | Killed a vampire mosquito
  4287 | D:5      | Killed a vampire mosquito
  4288 | D:5      | Killed a vampire mosquito
  4446 | D:5      | 4446 ||| INVOKING Berserk.
  4449 | D:5      | Reached skill level 6 in Shields
  4449 | D:5      | Reached XP level 8. HP: 67/67 MP: 7/7
  4639 | D:5      | 4639 ||| READING scroll labelled ROXATH IFYAN.
  4670 | D:5      | 4670 ||| READING scroll labelled FARIRHOQIR.
  4671 | D:5      | 4671 ||| DRINKING 2 purple potions.
  4709 | D:5      | 4709 ||| DROPPING potion of lignification.
  4713 | D:6      | 4713 ||| PLANNING OSSUARY
  4713 | D:6      | 4713 ||| STAIRDANCE
  4720 | D:6      | 4720 ||| STAIRDANCE
  4731 | D:5      | Reached skill level 9 in Axes
  4750 | D:6      | Noticed a manticore
  4751 | D:6      | 4751 ||| INVOKING Berserk.
  4756 | D:6      | Killed a manticore
  4904 | D:6      | 4904 ||| Stepping ~*~*~tactically~*~*~ (stealth).
  4909 | D:6      | 4909 ||| Stepping ~*~*~tactically~*~*~ (stealth).
  4910 | D:6      | 4910 ||| FLEEEEING.
  4921 | D:6      | 4921 ||| Stepping ~*~*~tactically~*~*~ (stealth).
  4933 | D:6      | Reached skill level 10 in Axes
  5047 | D:6      | Reached skill level 6 in Fighting
  5047 | D:6      | Reached XP level 9. HP: 73/77 MP: 8/8
  5066 | D:6      | 5066 ||| INVOKING Berserk.
  5074 | D:6      | 5074 ||| Stepping ~*~*~tactically~*~*~ (cloud).
  5212 | D:6      | Found a sand-covered staircase.
  5218 | Ossuary  | Entered an ossuary
  5375 | Ossuary  | Reached skill level 11 in Axes
  5530 | Ossuary  | 5530 ||| READING scroll labelled NAZAOS QAIRR.
  5530 | Ossuary  | Identified a scroll of acquirement
  5530 | Ossuary  | 5530 ||| ACQUIRING +2 hat "Lemum" {Rampage}
  5530 | Ossuary  | Acquired the +2 hat "Lemum" {Rampage}
  5532 | Ossuary  | 5532 ||| UPGRADING to +2 hat "Lemum" {Rampage}.
  5537 | Ossuary  | 5537 ||| READING 2 scrolls labelled KUMA SUYD ZUCO.
  5538 | Ossuary  | 5538 ||| DRINKING 3 bubbling golden potions.
  5539 | Ossuary  | 5539 ||| DRINKING 2 puce potions.
  5540 | Ossuary  | 5540 ||| READING 5 scrolls of identify.
  5540 | Ossuary  | 5540 ||| IDENTIFYING white potion
  5541 | Ossuary  | 5541 ||| READING 4 scrolls of identify.
  5541 | Ossuary  | 5541 ||| IDENTIFYING pink potion
  5542 | Ossuary  | 5542 ||| READING 3 scrolls of identify.
  5542 | Ossuary  | 5542 ||| IDENTIFYING fuming black potion
  5543 | Ossuary  | 5543 ||| DROPPING potion of brilliance.
  5544 | Ossuary  | 5544 ||| DROPPING scroll of amnesia.
  5545 | Ossuary  | 5545 ||| DROPPING potion of ambrosia.
  5594 | D:6      | 5594 ||| PLANNING D:1-11
  5598 | D:6      | 5598 ||| Stepping ~*~*~tactically~*~*~ (hiding).
  5602 | D:6      | 5602 ||| INVOKING Berserk.
  5735 | D:6      | 5735 ||| Stepping ~*~*~tactically~*~*~ (stealth).
  5749 | D:6      | 5749 ||| FLEEEEING.
  5750 | D:6      | 5750 ||| FLEEEEING.
  5751 | D:6      | 5751 ||| FLEEEEING.
  5752 | D:6      | 5752 ||| FLEEEEING.
  5755 | D:6      | Noticed Prince Ribbit
  5756 | D:6      | 5756 ||| Stepping ~*~*~tactically~*~*~ (stealth).
  5760 | D:6      | 5760 ||| INVOKING Berserk.
  5777 | D:6      | Killed Prince Ribbit
  5778 | D:6      | Reached skill level 12 in Axes
  5832 | D:6      | 5832 ||| READING scroll of acquirement.
  5832 | D:6      | 5832 ||| ACQUIRING amulet "Seokuh" {Reflect rN+ Dex+4 SH+5}
  5832 | D:6      | Acquired the amulet "Seokuh" {Reflect rN+ Dex+4 SH+5}
  5834 | D:6      | 5834 ||| UPGRADING to amulet "Seokuh" {Reflect rN+ Dex+4
                  | SH+5}.
  5922 | D:6      | 5922 ||| INVOKING Berserk.
  6013 | D:6      | Found a shimmering blue altar of Sif Muna.
  6110 | D:6      | 6110 ||| DROPPING amulet of regeneration.
  6111 | D:6      | 6111 ||| UPGRADING to +6 ring of strength.
  6162 | D:7      | Reached skill level 3 in Dodging
  6190 | D:7      | Found a hide-covered altar of Uskayaw.
  6248 | D:7      | Found a glowing golden altar of the Shining One.
  6368 | D:7      | Reached skill level 9 in Shields
  6591 | D:7      | 6591 ||| Stepping ~*~*~tactically~*~*~ (hiding).
  6604 | D:7      | Reached **** piety under Trog
  6780 | D:7      | 6780 ||| Stepping ~*~*~tactically~*~*~ (hiding).
  6784 | D:7      | 6784 ||| INVOKING Berserk.
  7073 | D:7      | 7073 ||| READING 3 scrolls of identify.
  7073 | D:7      | 7073 ||| IDENTIFYING lumpy white potion
  7074 | D:7      | 7074 ||| READING 2 scrolls of identify.
  7074 | D:7      | 7074 ||| IDENTIFYING blue potion
  7075 | D:7      | 7075 ||| DROPPING potion of magic.
  7171 | D:8      | 7171 ||| SWAPPING to +0 war axe.
  7172 | D:8      | 7172 ||| DROPPING +1 vorpal hand axe.
  7263 | D:8      | Paralysed by a hornet for 2 turns
  7266 | D:8      | Reached XP level 10. HP: 43/86 MP: 9/9
  7297 | D:8      | Found an opulent altar of Gozag.
  7577 | D:8      | 7577 ||| Stepping ~*~*~tactically~*~*~ (stealth).
  7630 | D:8      | 7630 ||| Stepping ~*~*~tactically~*~*~ (stealth).
  7634 | D:8      | 7634 ||| Stepping ~*~*~tactically~*~*~ (stealth).
  7635 | D:8      | 7635 ||| Stepping ~*~*~tactically~*~*~ (stealth).
  7654 | D:8      | Noticed Erica
  7658 | D:8      | 7658 ||| INVOKING Berserk.
  7662 | D:8      | Killed Erica
  7663 | D:8      | Reached skill level 13 in Axes
  7958 | D:8      | Found Zin's Purification Station.
  7961 | D:8      | Found a glowing silver altar of Zin.
  7966 | D:8      | 7966 ||| BUYING potion of curing (90 gold).
  7966 | D:8      | Bought a potion of curing for 90 gold pieces
  7978 | D:8      | 7978 ||| READING scroll of brand weapon.
  7978 | D:8      | 7978 ||| BRANDING +0 war axe.
  8195 | D:8      | 8195 ||| Stepping ~*~*~tactically~*~*~ (stealth).
  8195 | D:8      | Found an ancient bone altar of Kikubaaqudgha.
  8196 | D:8      | 8196 ||| Stepping ~*~*~tactically~*~*~ (stealth).
  8292 | D:8      | 8292 ||| UPGRADING to ring of poison resistance.
  8294 | D:8      | 8294 ||| UPGRADING to ring of see invisible.
  8351 | D:9      | Found a flagged portal.
  8437 | D:9      | 8437 ||| Stepping ~*~*~tactically~*~*~ (hiding).
  8439 | D:9      | 8439 ||| Stepping ~*~*~tactically~*~*~ (hiding).
  8440 | D:9      | 8440 ||| Stepping ~*~*~tactically~*~*~ (hiding).
  8455 | D:9      | 8455 ||| FLEEEEING.
  8456 | D:9      | 8456 ||| FLEEEEING.
  8457 | D:9      | 8457 ||| FLEEEEING.
  8458 | D:9      | 8458 ||| FLEEEEING.
  8459 | D:9      | 8459 ||| FLEEEEING.
  8462 | D:9      | 8462 ||| FLEEEEING.
  8469 | D:9      | 8469 ||| FLEEEEING.
  8480 | D:9      | 8480 ||| FLEEEEING.
  8481 | D:9      | 8481 ||| FLEEEEING.
  8482 | D:9      | 8482 ||| FLEEEEING.
  8483 | D:9      | 8483 ||| FLEEEEING.
  8489 | D:9      | 8489 ||| FLEEEEING.
  8620 | D:9      | Found an iron altar of Okawaru.
  8636 | D:9      | 8636 ||| Stepping ~*~*~tactically~*~*~ (hiding).
  8643 | D:9      | Reached skill level 6 in Armour
  8681 | D:9      | 8681 ||| Stepping ~*~*~tactically~*~*~ (hiding).
  8705 | D:9      | Identified the +2 leather armour "Biuruw" {rPois rF- Will-
                  | rCorr}
  8706 | D:9      | 8706 ||| Stepping ~*~*~tactically~*~*~ (stealth).
  8708 | D:9      | 8708 ||| Stepping ~*~*~tactically~*~*~ (stealth).
  8710 | D:9      | 8710 ||| INVOKING Berserk.
  8898 | D:9      | 8898 ||| DRINKING 5 potions of curing.
  8898 | D:9      | 8898 ||| (to cure confusion)
  8953 | D:9      | Reached skill level 14 in Axes
  8982 | D:9      | 8982 ||| Stepping ~*~*~tactically~*~*~ (stealth).
  9015 | D:9      | Noticed a two-headed ogre
  9020 | D:9      | 9020 ||| INVOKING Berserk.
  9022 | D:9      | Killed a two-headed ogre
  9033 | D:9      | 9033 ||| Stepping ~*~*~tactically~*~*~ (stealth).
  9034 | D:9      | 9034 ||| Stepping ~*~*~tactically~*~*~ (stealth).
  9212 | D:9      | 9212 ||| Stepping ~*~*~tactically~*~*~ (hiding).
  9213 | D:9      | 9213 ||| Stepping ~*~*~tactically~*~*~ (hiding).
  9665 | D:9      | Noticed a deep elf zephyrmancer
  9670 | D:9      | 9670 ||| INVOKING Berserk.
  9671 | D:9      | Killed a deep elf zephyrmancer
 10047 | D:9      | 10047 ||| Stepping ~*~*~tactically~*~*~ (stealth).
 10133 | D:9      | 10133 ||| DROPPING +0 flail.
 10222 | D:10     | Entered Level 10 of the Dungeon
 10366 | D:10     | 10366 ||| Stepping ~*~*~tactically~*~*~ (stealth).
 10367 | D:10     | 10367 ||| Stepping ~*~*~tactically~*~*~ (stealth).
 10375 | D:10     | Reached XP level 11. HP: 94/94 MP: 10/10
 10380 | D:10     | Reached skill level 15 in Axes
 10391 | D:10     | Reached ***** piety under Trog
 10529 | D:10     | Found a runed translucent gate.
 10533 | D:10     | Found a runed translucent gate.
 10537 | D:10     | Noticed qw's ghost (novice MiBe)
 10537 | D:10     | Noticed a tengu warrior
 10555 | D:10     | Noticed a deep elf knight
 10571 | D:10     | Found a runed translucent gate.
 10638 | D:10     | Noticed a two-headed ogre
 10643 | D:10     | 10643 ||| INVOKING Berserk.
 10646 | D:10     | Killed a two-headed ogre
 10647 | D:10     | Reached skill level 9 in Fighting
 10998 | D:10     | 10998 ||| Stepping ~*~*~tactically~*~*~ (stealth).
 10999 | D:10     | 10999 ||| INVOKING Berserk.
 11023 | D:10     | Noticed Erolcha
 11028 | D:10     | 11028 ||| INVOKING Trog's Hand.
 11031 | D:10     | 11031 ||| INVOKING Brothers in Arms.
 11032 | D:10     | 11032 ||| INVOKING Brothers in Arms.
 11034 | D:10     | Killed Erolcha
 11197 | D:10     | 11197 ||| DROPPING +1 flail.
 11198 | D:10     | 11198 ||| DROPPING +3 flail.
 11212 | D:10     | Found a staircase to the Orcish Mines.
 11277 | D:10     | 11277 ||| READING scroll labelled HAECVI PIPE.
 11278 | D:10     | 11278 ||| READING 2 scrolls of identify.
 11278 | D:10     | 11278 ||| IDENTIFYING ruby potion
 11279 | D:10     | 11279 ||| DROPPING potion of berserk rage.
 11319 | D:11     | Noticed a purple ugly thing
 11327 | D:11     | Killed a purple ugly thing
 11424 | D:11     | Noticed a two-headed ogre
 11429 | D:11     | 11429 ||| INVOKING Berserk.
 11432 | D:11     | Killed a two-headed ogre
 11684 | D:11     | 11684 ||| Stepping ~*~*~tactically~*~*~ (stealth).
 11686 | D:11     | 11686 ||| Stepping ~*~*~tactically~*~*~ (stealth).
 11702 | D:11     | 11702 ||| INVOKING Berserk.
 11704 | D:11     | Reached skill level 16 in Axes
 11908 | D:11     | Found a staircase to the Lair.
 11912 | D:11     | 11912 ||| Stepping ~*~*~tactically~*~*~ (stealth).
 11932 | D:11     | 11932 ||| Stepping ~*~*~tactically~*~*~ (stealth).
 11935 | D:11     | 11935 ||| FLEEEEING.
 11965 | D:11     | 11965 ||| FLEEEEING.
 11966 | D:11     | 11966 ||| FLEEEEING.
 11968 | D:11     | 11968 ||| FLEEEEING.
 12058 | D:11     | 12058 ||| INVOKING Berserk.
 12274 | D:11     | Identified the +2 robe of Fiegufityk {Str+4}
 12400 | D:11     | 12400 ||| PLANNING LAIR
 12421 | Lair:1   | Entered Level 1 of the Lair of Beasts
 12429 | Lair:1   | 12429 ||| INVOKING Berserk.
 12438 | Lair:1   | Noticed Nergalle
 12449 | Lair:1   | HP: 24/98 [spectral orc knight/+0 broad axe[Nergalle] (2)]
 12450 | Lair:1   | 12450 ||| READING 6 scrolls of teleportation.
 12451 | Lair:1   | 12451 ||| DRINKING 3 potions of heal wounds.
 12452 | Lair:1   | HP: 11/94 [Nergalle/bolt of negative energy (9)]
 12453 | Lair:1   | 12453 ||| DRINKING 2 potions of heal wounds.
 12462 | Lair:1   | Killed Nergalle
 12715 | Lair:1   | Found a runed translucent gate.
 12715 | Lair:1   | Found a runed translucent gate.
 12715 | Lair:1   | Found a runed translucent gate.
 12718 | Lair:1   | Noticed qw's ghost (journeyman DsCA)
 12720 | Lair:1   | Noticed a 12-headed hydra
 12897 | Lair:1   | 12897 ||| Stepping ~*~*~tactically~*~*~ (stealth).
 12900 | Lair:1   | 12900 ||| Stepping ~*~*~tactically~*~*~ (stealth).
 12908 | Lair:1   | Reached XP level 12. HP: 93/108 MP: 11/11
 12936 | Lair:1   | 12936 ||| Stepping ~*~*~tactically~*~*~ (stealth).
 12938 | Lair:1   | 12938 ||| Stepping ~*~*~tactically~*~*~ (stealth).
 12939 | Lair:1   | 12939 ||| Stepping ~*~*~tactically~*~*~ (stealth).
 12940 | Lair:1   | 12940 ||| Stepping ~*~*~tactically~*~*~ (stealth).
 12950 | Lair:1   | 12950 ||| Stepping ~*~*~tactically~*~*~ (stealth).
 12951 | Lair:1   | 12951 ||| Stepping ~*~*~tactically~*~*~ (stealth).
 12960 | Lair:1   | 12960 ||| Stepping ~*~*~tactically~*~*~ (stealth).
 12963 | Lair:1   | 12963 ||| Stepping ~*~*~tactically~*~*~ (stealth).
 12965 | Lair:1   | 12965 ||| Stepping ~*~*~tactically~*~*~ (stealth).
 13476 | Lair:1   | 13476 ||| UPGRADING to +0 pair of gloves.
 13590 | Lair:2   | 13590 ||| INVOKING Berserk.
 13600 | Lair:2   | Found a staircase to the Snake Pit.
 13607 | Lair:2   | Reached skill level 9 in Armour
 13610 | Lair:2   | 13610 ||| INVOKING Brothers in Arms.
 13620 | Lair:2   | Reached skill level 12 in Shields
 13801 | Lair:2   | 13801 ||| Stepping ~*~*~tactically~*~*~ (stealth).
 13806 | Lair:2   | 13806 ||| Stepping ~*~*~tactically~*~*~ (stealth).
 13807 | Lair:2   | 13807 ||| Stepping ~*~*~tactically~*~*~ (stealth).
 13827 | Lair:2   | 13827 ||| Stepping ~*~*~tactically~*~*~ (stealth).
 13854 | Lair:2   | Found a staircase to the Shoals.
 14000 | Lair:2   | Identified the +9 mace "Sorez" {flame, Str+3}
 14347 | Lair:2   | Identified the +0 leather armour of Gocuhur {Rampage rElec
                  | Regen+ Str-3}
 14818 | Lair:2   | 14818 ||| UPGRADING to +1 cloak.
 14823 | Lair:2   | 14823 ||| DRINKING 2 fuming puce potions.
 14824 | Lair:2   | 14824 ||| READING 5 scrolls of identify.
 14824 | Lair:2   | 14824 ||| IDENTIFYING metallic puce potion
 14825 | Lair:2   | 14825 ||| READING 4 scrolls of identify.
 14825 | Lair:2   | 14825 ||| IDENTIFYING golden potion
 14826 | Lair:2   | 14826 ||| READING 3 scrolls of identify.
 14826 | Lair:2   | 14826 ||| IDENTIFYING fuming yellow potion
 14827 | Lair:2   | 14827 ||| DROPPING potion of flight.
 14828 | Lair:2   | 14828 ||| DROPPING potion of attraction.
 14918 | Lair:3   | 14918 ||| Stepping ~*~*~tactically~*~*~ (stealth).
 14926 | Lair:3   | Reached skill level 12 in Fighting
 14963 | Lair:3   | Found a snail-covered altar of Cheibriados.
 14964 | Lair:3   | 14964 ||| INVOKING Brothers in Arms.
 14965 | Lair:3   | 14965 ||| INVOKING Brothers in Arms.
 14966 | Lair:3   | 14966 ||| INVOKING Brothers in Arms.
 14971 | Lair:3   | 14971 ||| INVOKING Berserk.
 14975 | Lair:3   | Reached skill level 6 in Dodging
 15148 | Lair:3   | Noticed a five-headed hydra
 15149 | Lair:3   | 15149 ||| INVOKING Brothers in Arms.
 15150 | Lair:3   | 15150 ||| INVOKING Brothers in Arms.
 15152 | Lair:3   | 15152 ||| SWAPPING to +0 morningstar.
 15153 | Lair:3   | 15153 ||| INVOKING Berserk.
 15154 | Lair:3   | Killed a five-headed hydra
 15171 | Lair:3   | 15171 ||| SWAPPING to +0 war axe of venom.
 15757 | Lair:3   | 15757 ||| READING scroll labelled BOKKEL BEIHYM.
 15758 | Lair:3   | 15758 ||| READING 2 scrolls labelled NACAIRGHUFF.
 15759 | Lair:3   | 15759 ||| DROPPING scroll of fear.
 15784 | Lair:4   | Noticed a six-headed hydra
 15785 | Lair:4   | 15785 ||| INVOKING Brothers in Arms.
 15786 | Lair:4   | 15786 ||| INVOKING Brothers in Arms.
 15787 | Lair:4   | 15787 ||| INVOKING Brothers in Arms.
 15788 | Lair:4   | 15788 ||| SWAPPING to +0 morningstar.
 15790 | Lair:4   | 15790 ||| INVOKING Berserk.
 15793 | Lair:4   | Killed a six-headed hydra
 15816 | Lair:4   | 15816 ||| SWAPPING to +0 war axe of venom.
 15929 | Lair:4   | Noticed a four-headed hydra
 15930 | Lair:4   | 15930 ||| INVOKING Brothers in Arms.
 15931 | Lair:4   | 15931 ||| Stepping ~*~*~tactically~*~*~ (stealth).
 15932 | Lair:4   | 15932 ||| Stepping ~*~*~tactically~*~*~ (stealth).
 15933 | Lair:4   | 15933 ||| INVOKING Brothers in Arms.
 15934 | Lair:4   | 15934 ||| INVOKING Brothers in Arms.
 15935 | Lair:4   | 15935 ||| INVOKING Brothers in Arms.
 15936 | Lair:4   | 15936 ||| SWAPPING to +0 morningstar.
 15937 | Lair:4   | 15937 ||| INVOKING Berserk.
 15939 | Lair:4   | Killed a four-headed hydra
 15958 | Lair:4   | Noticed an eight-headed hydra
 15959 | Lair:4   | 15959 ||| SWAPPING to +0 war axe of venom.
 15961 | Lair:4   | 15961 ||| SWAPPING to +0 morningstar.
 15966 | Lair:4   | Killed an eight-headed hydra
 15967 | Lair:4   | 15967 ||| SWAPPING to +0 war axe of venom.
 16236 | Lair:4   | 16236 ||| Stepping ~*~*~tactically~*~*~ (stealth).
 16237 | Lair:4   | 16237 ||| Stepping ~*~*~tactically~*~*~ (stealth).
 16240 | Lair:4   | 16240 ||| Stepping ~*~*~tactically~*~*~ (stealth).
 16288 | Lair:4   | 16288 ||| INVOKING Berserk.
 16437 | Lair:4   | Reached XP level 13. HP: 106/118 MP: 12/12
 16603 | Lair:4   | You fall into a shaft and drop 1 floor!
 16603 | Lair:5   | Entered Level 5 of the Lair of Beasts
 16605 | Lair:5   | 16605 ||| Stepping ~*~*~tactically~*~*~ (hiding).
 16606 | Lair:5   | 16606 ||| INVOKING Berserk.
 16623 | Lair:5   | HP: 44/177 [seven-headed hydra (4)]
 16624 | Lair:5   | HP: 18/118 [lindwurm/blast of flame (11)]
 16625 | Lair:5   | HP: 6/118 [seven-headed hydra (3)]
 16626 | Lair:5   | 16626 ||| READING 8 scrolls of teleportation.
 16626 | Lair:5   | Mangled by a seven-headed hydra

Levels and vault maps discovered:
D:1:      amcnicky_arrival_blooded_trapdoor, layout_rooms,
          ebering_ecumenical_altar_rust, chequers_garden, reono_crystal_passage,
          serial_bayou_pond_b, minmay_curled_crystal,
          chequers_serial_rivers_micro_b, kennysheep_flooded_box
D:2:      layout_basic, minmay_misc_feat_square
D:3:      layout_loops_ring, nicolae_overflow_ecumenical_swirl,
          lemuel_doored_altar, gammafunk_ghost_abyssal_escape,
          grunt_decor_junction
D:4:      layout_basic, mainiacjoe_overflow_brackets, uniq_grinder
D:5:      layout_rooms
D:6:      layout_rooms, mainiacjoe_overflow_alcove_4,
          nicolae_ossuary_entry_plus, minmay_manual_mail, uniq_prince_ribbit1
D:7:      layout_basic, old_standard_altar,
          mainiacjoe_overflow_concentric_impassable, nicolae_titane
D:8:      layout_basic, mainiacjoe_overflow_boulevard, zin_purify,
          lemuel_mausoleum_altar_kikubaaqudgha, uniq_erica
D:9:      layout_grid_maze, okawaru_trees_2, enter_bailey_5,
          guppyfry_early_elven_hall
D:10:     layout_rooms, david_orc_4, gammafunk_ghost_split, uniq_erolcha
D:11:     layout_irregular_city, minmay_lair_entry_grove
Lair:1:   layout_gridlike, gammafunk_ghost_hydra_chop, st_stairs_5,
          uniq_nergalle
Lair:2:   layout_cave_pods, minmay_shoals_entry_lonely_mermaid,
          minmay_snake_entry_guardpost_small
Lair:3:   layout_loops_ring, lemuel_oklob_altar
Lair:4:   layout_long_grid, slime_entry_1, grunt_megastairs_3,
          infiniplex_staircase_pool, uniq_snorg
Lair:5:   hangedman_lair_in_review, layout_cellular_growth,
          portal_ice_cave_entry_imps, columned_hall_lemuel, grunt_megastairs_5

Skill      XL: |  1  2  3  4  5  6  7  8  9 10 11 12 13 |
---------------+----------------------------------------+-----
Axes           | 4 5 6 8 10 12 14 16 | 16.0
Throwing       | 1 2 |  2.6
Shields        | 4 6 8 9 10 11 12 13 | 13.0
Armour         | 4 5 6 8 11 | 11.0
Fighting       | 4 6 7 8 10 12 | 12.1
Dodging        | 3 4 6 |  6.3

Action                   |  1- 3 |  4- 6 |  7- 9 | 10-12 | 13-15 || total
-------------------------+-------+-------+-------+-------+-------++-------
Melee: Hand axe          |    97 |    78 |   248 |       |       ||   423
       Headbutt          |    12 |     8 |    44 |   118 |     2 ||   184
       War axe           |       |       |     4 |   477 |     9 ||   490
       Morningstar       |       |       |       |    15 |       ||    15
Throw: Javelin           |       |    29 |       |       |       ||    29
       Boomerang         |       |       |     2 |    53 |       ||    55
Invok: Berserk           |     2 |     4 |     8 |    16 |     1 ||    31
       Trog's Hand       |       |     1 |       |     1 |       ||     2
       Brothers in Arms  |       |       |       |     6 |       ||     6
  Use: Scroll            |     3 |     8 |    10 |     9 |     1 ||    31
       Potion            |     1 |       |     3 |     4 |       ||     8
Armor: Animal skin       |    10 |       |       |       |       ||    10
       Ring mail         |    11 |       |       |       |       ||    11
       Plate armour      |       |    32 |    69 |   148 |    70 ||   319
Dodge: Dodged            |    57 |    21 |    40 |    98 |    13 ||   229
Block: Kite shield       |       |     8 |   106 |   378 |    14 ||   506
       Reflection        |       |       |     3 |    12 |       ||    15

Table legend:
 A = Non-vault XP
 B = Vault XP
 C = Vault XP percentage of total XP
 D = Non-vault monster count
 E = Vault monster count
 F = Vault count percentage of total count
                 A         B        C        D         E       F
            +---------+---------+-------+---------+---------+-------
      Total |   27606 |   12497 |  31.2 |     255 |      82 |  24.3
            +---------+---------+-------+---------+---------+-------
        D:1 |      41 |       2 |   4.7 |      26 |       2 |   7.1
        D:2 |      55 |       0 |   0.0 |      22 |       0 |   0.0
        D:3 |      92 |       0 |   0.0 |      19 |       0 |   0.0
        D:4 |      64 |     272 |  81.0 |      14 |       1 |   6.7
        D:5 |    1081 |     133 |  11.0 |      19 |       1 |   5.0
        D:6 |    1179 |     876 |  42.6 |      17 |       3 |  15.0
        D:7 |     891 |       0 |   0.0 |      21 |       0 |   0.0
        D:8 |     730 |    1343 |  64.8 |      15 |      13 |  46.4
        D:9 |    2493 |     572 |  18.7 |      32 |       5 |  13.5
       D:10 |    2147 |    1656 |  43.5 |       8 |      20 |  71.4
       D:11 |    2537 |    2307 |  47.6 |      10 |      12 |  54.5
     Lair:1 |    4092 |     980 |  19.3 |      12 |       2 |  14.3
     Lair:2 |    5528 |    1111 |  16.7 |      24 |       5 |  17.2
     Lair:3 |    2358 |     602 |  20.3 |       5 |       1 |  16.7
     Lair:4 |    4318 |       0 |   0.0 |      11 |       0 |   0.0
     Lair:5 |       0 |    1997 | 100.0 |       0 |       4 | 100.0
    Ossuary |       0 |     646 | 100.0 |       0 |      13 | 100.0
            +---------+---------+-------+---------+---------+-------
